 Dungeon Crawl Stone Soup version 0.23-a0-183-gf37f6fb109 (webtiles) character file.

4047 Manul the Covert (level 10, -10/51 HPs)
             Began as a Spriggan Abyssal Knight on Sept 16, 2018.
             Was an Elder of Lugonu.
             Mangled by a centaur simulacrum (13 damage)
             ... on level 9 of the Dungeon on Sept 23, 2018.
             The game lasted 00:13:51 (12588 turns).

Manul the Covert (Spriggan Abyssal Knight)         Turns: 12588, Time: 00:13:52

Health: -10/51     AC: 10    Str:  8      XL:     10   Next: 4%
Magic:  12/12      EV: 15    Int: 14      God:    Lugonu [****..]
Gold:   504        SH:  0    Dex: 18 (19) Spells: 9/9 levels left

rFire    + + +     SeeInvis +   j - +3 dagger (drain)
rCold    x . .     Gourm    .   (shield restricted)
rNeg     . . .     Faith    .   t - +0 fire dragon scales
rPois    .         Spirit   .   (helmet restricted)
rElec    .         Reflect  .   (no cloak)
rCorr    +         Harm     .   (gloves unavailable)
MR       +....                  (boots unavailable)
Stlth    +++.......             (no amulet)
HPRegen  0.17/turn              n - ring of protection from fire
MPRegen  0.13/turn              w - ring of resist corrosion

@: very quick
A: very small, unfitting armour, see invisible, herbivore, speed 3, slow
metabolism 2
a: Depart the Abyss, Bend Space, Banish, Corrupt, Renounce Religion


You were on level 9 of the Dungeon.
You worshipped Lugonu.
Lugonu was greatly pleased with you.
You were not hungry.

You visited 1 branch of the dungeon, and saw 9 of its levels.
You visited the Abyss 1 time.

You collected 504 gold pieces.

Inventory:

Hand Weapons
 h - a +0 dagger of chaos
 j - a +3 dagger of draining (weapon)
Missiles
 x - 2 throwing nets (quivered)
Armour
 b - a +0 robe
 f - +0 storm dragon scales
 s - a cursed +0 buckler
 t - +0 fire dragon scales (worn)
Jewellery
 m - an uncursed ring of flight
 n - a ring of protection from fire (left hand)
 w - a ring of resist corrosion (right hand)
 C - an uncursed ring of fire
 E - an uncursed ring of wizardry
Wands
 e - a wand of random effects (14)
 B - a wand of flame (29)
 G - a wand of iceblast (9)
Scrolls
 i - 7 scrolls of remove curse
 l - 5 scrolls of enchant weapon
 p - 2 scrolls of blinking {unknown}
 v - 3 scrolls of identify
 y - 2 scrolls of teleportation {unknown}
 z - a scroll of fog
 A - 2 scrolls of magic mapping {unknown}
 I - a scroll of noise {unknown}
Potions
 a - a potion of berserk rage {unknown}
 d - 3 potions of haste
 g - 5 potions of curing
 k - a potion of resistance {unknown}
 o - 2 potions of flight {unknown}
 q - a potion of agility {unknown}
 u - 2 potions of lignification {unknown}
 D - a potion of mutation {unknown}
 F - 5 potions of magic
 H - a potion of ambrosia {unknown}
Comestibles
 c - 12 rations


   Skills:
 + Level 4.8 Fighting
 + Level 8.1 Short Blades
 * Level 7.0 Armour
 + Level 6.5 Dodging
 * Level 8.5 Stealth
 - Level 2.0 Invocations
 + Level 1.5 Evocations


You had 9 spell levels left.
You didn't know any spells.
Your spell library contained the following spells:

 Spells                   Type           Power        Failure   Level  Hunger
 Animate Skeleton         Necr           N/A          97%         1    ##.....
 Apportation              Tloc           #.....       97%         1    ##.....
 Confusing Touch          Hex            #.....       97%         1    ##.....
 Summon Small Mammal      Summ           #...         97%         1    ##.....
 Confuse                  Hex            #.......     100%        3    ####...
 Gell's Gravitas          Tloc           #.........   100%        3    ####...
 Petrify                  Tmut/Erth      #.......     100%        4    #####..
 Metabolic Englaciation   Hex/Ice        #.........   100%        5    ######.
 Yara's Violent Unravell  Hex/Tmut       #.........   100%        5    ######.


Dungeon Overview and Level Annotations

Branches:
Dungeon (9/15)             Temple (0/1) D:7
   Lair: D:8-11         Orc: D:9-12

Altars:
Elyvilon
Gozag

Shops:
D:7 %

Annotations:
D:8 exclusion: oklob plant


Innate Abilities, Weirdness & Mutations

You are very small and have problems with some larger weapons.
You are too small for most types of armour.
You have supernaturally acute eyesight. (SInv)
You are a herbivore.
You cover ground extremely quickly.
You need to consume almost no food.


Message History

The orc wizard shouts!
You hear a shout!
You hear a howl!
The orc wizard closely misses you.
You closely miss the ice beast.
An orc priest comes into view. It is wielding a flail.
The orc wizard mumbles some strange words.
The orc wizard seems to speed up.
There is a stone staircase leading up here.
The orc wizard casts a spell at you. The magic dart hits you!
The orc wizard mumbles some strange words.
The orc wizard blinks!
The centaur simulacrum hits you. The centaur simulacrum freezes you!
You feel a terrible chill!
There is a stone staircase leading up, spattered with blood here.
You can't go down here!
The ice beast hits you. The ice beast freezes you!!
You feel a terrible chill!
* * * LOW HITPOINT WARNING * * *
The centaur simulacrum hits you.
* * * LOW HITPOINT WARNING * * *
The centaur simulacrum freezes you!
You feel a terrible chill!
You die...

## ....... #
..............#.# #
................# #
...............# ####
#............# .##.#
######.......#...##
.....##.#.#.....oo.#.%..##
.##>##(........h)Z.......#
##.#..#.%......Y@Y....#
#.....#(.....o....ยง...#
##.....Y.........Z...#...#
.....h#...................
......#...................
......#...................
......#...............#.##
...#.................####
..##...........


You could see a warg, 2 ice beasts, an orc priest, an orc wizard, a leopard
gecko simulacrum, a centaur simulacrum and an orc.

Vanquished Creatures
  Psyche (D:8)
  A hornet (D:7)
  A warg (D:9)
  A water moccasin (D:6)
  An orc warrior (D:7)
  A black bear (D:4)
  A sky beast (D:6)
  2 phantoms
  2 ice beasts
  A necrophage (D:8)
  3 ogres
  Blork the orc (D:6)
  4 bullfrogs
  A wyvern skeleton (D:7)
  A scorpion (D:8)
  6 killer bees
  4 howler monkeys
  6 crimson imps
  A bullfrog zombie (D:6)
  2 quasits
  3 hounds
  A jelly (D:6)
  A bullfrog skeleton (D:8)
  6 orc priests
  7 orc wizards
  4 iguanas
  2 worker ants
  5 hound skeletons
  A worker ant zombie (D:8)
  17 gnolls
  9 adders
  A shadow imp (D:5)
  A white imp (D:9)
  A howler monkey simulacrum (D:9)
  2 oozes
  An adder zombie (D:6)
  2 adder skeletons
  2 worms (D:3)
  A dart slug (D:1)
  6 leopard geckos
  35 orcs
  2 ball pythons
  4 giant cockroaches
  10 goblins
  2 hobgoblins
  8 jackals
  3 quokkas
  3 bats (D:1)
  5 frilled lizards
  A jackal skeleton (D:4)
  3 kobolds
  7 rats
197 creatures vanquished.

Notes
Turn   | Place    | Note
-------+----------+-------------------------------------------
     0 | Abyss:1  | Manul the Spriggan Abyssal Knight began the quest for the
                  | Orb.
     0 | Abyss:1  | Reached XP level 1. HP: 11/11 MP: 3/3
    72 | Abyss:2  | Noticed a large abomination
   216 | Abyss:2  | Noticed a large abomination
   217 | Abyss:2  | Noticed a ynoxinul
   221 | Abyss:2  | Noticed an apocalypse crab
   226 | Abyss:2  | Noticed a lorocyproca
   242 | Abyss:2  | Noticed a large abomination
   243 | Abyss:2  | Noticed a hell hound
   246 | Abyss:2  | Noticed an iron imp
   247 | Abyss:2  | Noticed a glowing orange brain
   249 | D:1      | Escaped the Abyss
   255 | D:1      | Reached * piety under Lugonu
   415 | D:1      | You fall through a shaft!
  1050 | D:1      | Reached XP level 2. HP: 16/16 MP: 4/4
  1390 | D:1      | Reached skill level 1 in Stealth
  1453 | D:1      | Reached XP level 3. HP: 19/19 MP: 5/5
  2328 | D:3      | Reached XP level 4. HP: 22/23 MP: 6/6
  2421 | D:3      | Reached skill level 1 in Armour
  2773 | D:4      | Noticed a phantom
  2848 | D:4      | Noticed a black bear
  2909 | D:3      | Reached ** piety under Lugonu
  3339 | D:3      | Reached XP level 5. HP: 14/28 MP: 7/7
  3871 | D:3      | Found an opulent altar of Gozag.
  4059 | D:4      | Killed a black bear
  4453 | D:4      | Reached XP level 6. HP: 24/32 MP: 8/8
  5593 | D:4      | Reached XP level 7. HP: 26/36 MP: 9/9
  5699 | D:5      | Entered Level 5 of the Dungeon
  6115 | D:5      | Reached skill level 5 in Short Blades
  6252 | D:6      | Reached XP level 8. HP: 31/42 MP: 10/10
  6369 | D:6      | Reached skill level 5 in Stealth
  6391 | D:6      | Reached *** piety under Lugonu
  6608 | D:6      | Reached skill level 5 in Dodging
  7096 | D:6      | Noticed Blork the orc
  7115 | D:6      | Killed Blork the orc
  7115 | D:6      | Reached skill level 5 in Armour
  7735 | D:7      | Found Tiaruaso's Food Boutique.
  7753 | D:7      | Noticed a hornet
  7770 | D:7      | Killed a hornet
  7770 | D:7      | Reached XP level 9. HP: 31/45 MP: 11/11
  8195 | D:7      | Found a staircase to the Ecumenical Temple.
 10051 | D:8      | Reached **** piety under Lugonu
 10703 | D:8      | Found a white marble altar of Elyvilon.
 10703 | D:8      | Noticed an oklob plant
 10732 | D:8      | Noticed Psyche
 11022 | D:8      | Killed Psyche
 11022 | D:8      | Reached skill level 1 in Evocations
 11662 | D:9      | HP: 2/46 [white imp/puff of frost (10)]
 12283 | D:8      | Upgraded the game from 0.23-a0-175-g97aacdb306 to
                  | 0.23-a0-183-gf37f6fb109
 12330 | D:9      | Reached XP level 10. HP: 37/51 MP: 12/12
 12588 | D:9      | Mangled by a centaur simulacrum

Vault maps used:
D:1:      dpeg_arrival_oval
D:3:      nicolae_overflow_hidden_temple, first_ration
D:4:      hangedman_feature_mirror, minmay_statues_item
D:6:      uniq_blork_the_orc
D:7:      minmay_temple_entry_large_hall, serial_shops, shop
D:8:      lemuel_oklob_altar, uniq_psyche
D:9:      erik_lair_orcish_takeover, serial_ice, serial_ice_a, serial_ice_f,
          serial_ice_g, serial_ice_n, uniq_pikel
Abyss:2:  evilmike_abyss_exit_17

Skill      XL: |  1  2  3  4  5  6  7  8  9 |
---------------+----------------------------+-----
Stealth        | 1 2 3 4 6 8 |  8.5
Invocations    | 2 |  2.0
Short Blades   | 3 4 5 6 8 |  8.1
Armour         | 1 2 3 4 5 7 |  7.0
Fighting       | 3 4 |  4.8
Dodging        | 4 5 6 |  6.5
Evocations     | 1 |  1.5

Action                   |  1- 3 |  4- 6 |  7- 9 | 10-12 || total
-------------------------+-------+-------+-------+-------++-------
Melee: Short sword       |    30 |       |       |       ||    30
       Dagger            |    80 |   250 |   830 |    49 ||  1209
Invok: Depart the Abyss  |     1 |       |       |       ||     1
Evoke: Wand              |       |     4 |     8 |       ||    12
  Use: Scroll            |     3 |       |     7 |       ||    10
       Potion            |       |       |     9 |       ||     9
 Stab: Invisible         |       |       |     2 |       ||     2
       Sleeping          |       |       |     4 |       ||     4
       Distracted        |       |       |     2 |       ||     2
  Eat: Ration            |       |     1 |     4 |     1 ||     6
Armor: Storm dragon scal |    50 |    86 |       |       ||   136
       Fire dragon scale |       |    37 |   194 |     8 ||   239
Dodge: Dodged            |    27 |   122 |   431 |    19 ||   599

Table legend:
 A = Non-vault XP
 B = Vault XP
 C = Vault XP percentage of total XP
 D = Non-vault monster count
 E = Vault monster count
 F = Vault count percentage of total count
                 A         B        C        D         E       F
            +---------+---------+-------+---------+---------+-------
      Total |    4838 |     944 |  16.3 |     188 |       9 |   4.6
            +---------+---------+-------+---------+---------+-------
        D:1 |      39 |       0 |   0.0 |      20 |       0 |   0.0
        D:2 |      56 |       0 |   0.0 |      12 |       0 |   0.0
        D:3 |     127 |       0 |   0.0 |      18 |       0 |   0.0
        D:4 |     626 |       1 |   0.2 |      27 |       1 |   3.6
        D:5 |     258 |       0 |   0.0 |      14 |       0 |   0.0
        D:6 |    1080 |      96 |   8.2 |      32 |       1 |   3.0
        D:7 |    1054 |       0 |   0.0 |      19 |       0 |   0.0
        D:8 |    1259 |     482 |  27.7 |      39 |       1 |   2.5
        D:9 |     339 |     365 |  51.8 |       7 |       6 |  46.2
            +---------+---------+-------+---------+---------+-------
